 Dungeon Crawl Stone Soup version 0.31.0-10-gcf4a605ca0 (webtiles) character file.

Game seed: 5293868913882503635

9 SnakkuSnakku7 the Caller (level 2, 0/23 HPs)
             Began as a Ghoul Summoner on Jan 26, 2024.
             Slain by a quokka (2 damage)
             ... on level 1 of the Dungeon.
             The game lasted 00:00:27 (157 turns).

SnakkuSnakku7 the Caller (Ghoul Summoner)            Turns: 157, Time: 00:00:27

Health: 0/23       AC:  8    Str: 11    XL:     2   Next: 16%
Magic:  4/4        EV:  5    Int: 14    God:
Gold:   11         SH:  0    Dex:  9    Spells: 3/4 levels left

rFire   . .          .
                       - Unarmed
rCold   + . .        (no shield)
rNeg    + + +        d - +0 chain mail
rPois   ∞            (no helmet)
rElec   .            (no cloak)
rCorr   .            (no gloves)
SInv    .            (no boots)
Will    .....        (no amulet) Stlth
                     (no ring)
HPRegen 0.00/turn    (no ring)
MPRegen 0.09/turn

%: no passive effects
@: inhibited regen
A: claws 1, cold resistance 1, negative energy resistance 3, inhibited
regeneration, torment resistance 2, devour on kill
a: no special abilities


You were on level 1 of the Dungeon.
You visited 1 branch of the dungeon, and saw 1 of its levels.

You collected 11 gold pieces.

Inventory:

Armour
 a - a +0 robe
 d - a +0 chain mail (worn)
Jewellery
 c - a ring of flight
Scrolls
 e - a scroll of revelation {unknown}
Potions
 b - a potion of magic


   Skills:
 + Level 1.2 Fighting
 - Level 1.7 Dodging
 - Level 2.1 Stealth
 + Level 1.2 Unarmed Combat
 - Level 1.7 Spellcasting
 - Level 3.6 Summonings


You had 3 spell levels left.
You knew the following spells:

 Your Spells              Type           Power      Damage    Failure   Level
a - Summon Small Mammal   Summ           44%        N/A       91%         1

Your spell library contained the following spells:

 Spells                   Type           Power      Damage    Failure   Level
 Call Imp                 Summ           22%        N/A       97%         2
 Call Canine Familiar     Summ           11%        N/A       99%         3
 Summon Blazeheart Golem  Fire/Summ      6%         N/A       100%        4
 Summon Lightning Spire   Summ/Air       6%         N/A       100%        4


Dungeon Overview and Level Annotations

Branches:
Dungeon (1/15)

Altars:


Innate Abilities, Weirdness & Mutations

You are immune to poison.
You have sharp fingernails.
Your flesh is cold resistant. (rC+)
You are immune to negative energy. (rN+++)
You do not regenerate when monsters are visible.
You are immune to unholy pain and torment.
You thrive by killing the living.


Message History

The hobgoblin barely misses you. The rat barely misses you.
You barely miss the hobgoblin.
The hobgoblin is heavily wounded.
The hobgoblin hits you but does no damage.
The rat bites you but does no damage.
You scratch the hobgoblin.
You kill the hobgoblin!
The rat bites you.
* * * LOW HITPOINT WARNING * * *
The rat bites you but does no damage.
You see here a hobgoblin corpse.
You scratch the rat but do no damage.
The rat twitches its whiskers.
The rat bites you.
* * * LOW HITPOINT WARNING * * *
You barely miss the rat. The rat barely misses you.
You scratch the rat.
You kill the rat!
You feel better.
A quokka comes into view.
A quokka is nearby!
A quokka is nearby!
A quokka is nearby!
You closely miss the quokka.
The quokka bites you but does no damage.
You closely miss the quokka. The quokka bites you.
* * * LOW HITPOINT WARNING * * *
You miss the quokka. The quokka bites you.
* * * LOW HITPOINT WARNING * * *
The quokka barely misses you.
You completely miss the quokka. The quokka bites you.
* * * LOW HITPOINT WARNING * * *
You scratch the quokka but do no damage.
The quokka bites you but does no damage.
You scratch the quokka but do no damage.
The quokka bites you but does no damage.
You scratch the quokka.
The quokka is almost dead.
The quokka bites you.
You die...

#.# #### #.#####......
####.#....... ....
.........#.####..#
..................##
#.##.#...........#. #
#.##.#.†....###...#.#.#
#.##.#....#.###.#....#
..##............@r#
...####...#.###.####.#
....# #...#.##.......#
....# #†....##..###..#
....# #.........# #
...## ##..#.##..# ..##
#†.#.##..###.. ###
###>.#.#........#
#........#####..#


You could see a quokka.

Vanquished Creatures
  3 hobgoblins (D:1)
  2 ball pythons (D:1)
  A frilled lizard (D:1)
  A kobold (D:1)
  3 rats (D:1)
10 creatures vanquished.

Notes
Turn   | Place    | Note
-------+----------+-------------------------------------------
     0 | D:1      | SnakkuSnakku7 the Ghoul Summoner began the quest for the
                  | Orb.
     0 | D:1      | Reached XP level 1. HP: 14/14 MP: 3/3
   117 | D:1      | Reached skill level 1 in Fighting
   117 | D:1      | Reached skill level 1 in Unarmed Combat
   121 | D:1      | Reached XP level 2. HP: 21/23 MP: 4/4
   157 | D:1      | Slain by a quokka

Illustrated notes

Levels and vault maps discovered:
D:1:      shiori_arrival_oz, layout_loops_ring, ebering_ecumenical_altar_rust

Skill      XL: |  1 |
---------------+----+-----
Fighting       | 1 |  1.2
Unarmed Combat | 1 |  1.2
Dodging        | |  1.7
Stealth        | |  2.1
Spellcasting   | |  1.7
Summonings     | |  3.6

Action                     || total
---------------------------++-------
  Melee: Unarmed           ||    42
   Stab: Sleeping          ||     1
 Armour: Robe              ||     7
         Chain mail        ||    25
  Dodge: Dodged            ||    17
